Map: Окраины Ньюкирка РВ (Void)

Players

Shame - Winner!

  • Race: Zerg Zerg
  • League: Master
  • Spawn Location: 5:00

WhiskeyJack

  • Race: Protoss Protoss
  • League: Master
  • Spawn Location: 7:00

VOD

Have the link to the VOD?

Description

Time

  • Played on: March 1, 2017, 11:19 a.m.
  • Length: 8:59
Show
View Real Time Build Order
Export as new Build Order

Shame Zerg - Winner!

Build Orders: Pool First 

Get SALT Encoding   

  12  0:01  Drone  
  13  0:12  Overlord  
  13  0:18  Drone  
  14  0:31  Drone  
  15  0:38  Spawning Pool  
  15  0:41  Drone  
  15  0:45  Drone  
  16  0:51  Drone  
  17  1:13  Hatchery  
  16  1:25  Zergling x6  
  19  1:31  Queen  
  21  1:36  Zergling x2  
  22  2:06  Overlord  
  22  2:08  Overlord  
  22  2:22  Hatchery, Queen  
  20  2:27  Drone  
  20  2:28  Drone  
  23  2:32  Drone  
  24  2:38  Drone x2  
  26  2:47  Drone x2  
  26  2:49  Drone  
  28  2:53  Drone  
  30  2:58  Drone x2  
  30  3:02  Extractor  
  30  3:09  Drone x2  
  31  3:19  Queen  
  33  3:25  Drone x2  
  33  3:26  Extractor  
  34  3:34  Roach Warren  
  33  3:36  Drone x2  
  33  3:37  Drone  
  36  3:41  Overlord  
  36  3:46  Overlord  
  36  4:14  Roach  
  36  4:15  Roach x7  
  52  4:20  Roach  
  54  4:26  Zergling x4  
  54  4:27  Zergling x2  
  54  4:31  Zergling x6  
  58  4:35  Zergling x4  
  58  4:38  Ravager  
  63  4:39  Zergling x2  
  63  4:42  Zergling x2  
  65  4:49  Zergling x2  
  66  5:00  Overlord  
  66  5:01  Overlord  
  66  5:04  Spore Crawler  
  66  5:05  Ravager  
  66  5:07  Spore Crawler  
  66  5:10  Ravager  
  64  5:26  Zergling x18  
  64  5:27  Zergling x4  
  67  5:38  Zergling x8  
  67  5:39  Zergling x2  
  62  5:52  Zergling x4  
  62  5:53  Zergling x6  
  62  5:54  Metabolic Boost  
  66  6:01  Zergling x4  
  63  6:10  Lair  
  63  6:16  Zergling x2  
  63  6:17  Zergling x6  
  59  6:26  Drone x2  
  59  6:27  Drone x2  
  60  6:38  Drone x3  
  61  6:41  Baneling Nest  
  61  6:43  Drone x2  
  61  6:49  Drone, Spore Crawler  
  61  6:51  Drone  
  62  7:00  Drone x3  
  65  7:04  Drone x2  
  65  7:07  Queen  
  69  7:12  Glial Reconstitution  
  69  7:15  Roach x2  
  73  7:23  Overseer  
  73  7:25  Roach x3  
  79  7:32  Roach  
  79  7:33  Overlord  
  79  7:34  Overlord  
  79  7:36  Centrifical Hooks  
  80  7:40  Extractor  
  80  7:41  Extractor  
  78  7:55  Roach x2  
  78  7:56  Roach x5  
  92  7:58  Ravager  
  92  8:03  Drone x3  
  96  8:06  Zergling x2  
  96  8:12  Baneling x3  
  97  8:15  Overlord  
  96  8:22  Spore Crawler x2  
  96  8:23  Spore Crawler  
  96  8:25  Ravager x2  
  95  8:27  Drone x2  
  95  8:33  Baneling x3  
  99  8:37  Drone x2  
  99  8:39  Ravager  
Show
View Real Time Build Order
Export as new Build Order

WhiskeyJack Protoss 

Build Orders: 1 Gate Expand 

Get SALT Encoding   

  12  0:01  Probe (Chrono Boost)  
  13  0:11  Probe (Chrono Boost)  
  14  0:19  Pylon  
  14  0:23  Probe (Chrono Boost)  
  15  0:37  Probe (Chrono Boost)  
  15  0:42  Gateway  
  16  0:46  Assimilator  
  16  0:49  Probe (Chrono Boost)  
  17  1:00  Probe (Chrono Boost)  
  18  1:10  Probe (Chrono Boost)  
  19  1:26  Nexus  
  19  1:29  Probe (Chrono Boost)  
  20  1:37  Zealot  
  22  1:47  Cybernetics Core  
  22  1:52  Probe (Chrono Boost)  
  23  1:58  Pylon  
  23  2:14  Zealot  
  23  2:16  Probe (Chrono Boost)  
  20  2:34  Assimilator  
  21  2:37  Mothership Core (Chrono Boost)  
  21  2:38  Probe (Chrono Boost)  
  20  2:51  Probe (Chrono Boost)  
  23  2:59  Probe (Chrono Boost)  
  23  3:02  Probe (Chrono Boost)  
  24  3:08  Pylon  
  24  3:12  Probe (Chrono Boost)  
  25  3:13  Probe (Chrono Boost)  
  25  3:14  Warp Gate  
  26  3:22  Probe (Chrono Boost)  
  26  3:23  Probe (Chrono Boost)  
  28  3:30  Twilight Council  
  29  3:34  Probe (Chrono Boost)  
  29  3:40  Pylon  
  29  3:44  Probe (Chrono Boost)  
  29  3:45  Adept  
  31  3:48  Probe (Chrono Boost)  
  31  3:55  Probe (Chrono Boost)  
  32  3:59  Probe (Chrono Boost)  
  33  4:06  Probe (Chrono Boost)  
  33  4:07  Robotics Facility  
  34  4:11  Probe (Chrono Boost)  
  36  4:17  Probe (Chrono Boost)  
  36  4:21  Probe (Chrono Boost)  
  37  4:27  Probe (Chrono Boost), Dark Shrine  
  38  4:32  Probe (Chrono Boost)  
  40  4:39  Probe (Chrono Boost)  
  40  4:43  Gateway  
  40  4:50  Immortal  
  40  4:54  Probe (Chrono Boost)  
  40  4:59  Gateway  
  43  5:04  Gateway  
  43  5:10  Probe x2 (Chrono Boost)  
  43  5:13  Assimilator  
  45  5:15  Pylon  
  45  5:19  Sentry  
  47  5:22  Probe (Chrono Boost)  
  47  5:35  Probe (Chrono Boost)  
  48  5:37  Pylon  
  40  5:46  Probe (Chrono Boost)  
  26  5:52  Probe (Chrono Boost)  
  26  5:59  Mothership Core (Chrono Boost)  
  26  6:01  Dark Templar  
  26  6:03  Probe (Chrono Boost)  
  22  6:14  Probe (Chrono Boost)  
  22  6:17  Probe (Chrono Boost)  
  22  6:18  Pylon  
  24  6:24  Probe (Chrono Boost)  
  25  6:30  Pylon  
  25  6:39  Probe (Chrono Boost)  
  22  6:44  Probe (Chrono Boost)  
  23  6:52  Probe (Chrono Boost)  
  24  6:57  Warp Prism  
  24  7:07  Probe (Chrono Boost)  
  27  7:09  Probe (Chrono Boost)  
  28  7:19  Probe (Chrono Boost)  
  28  7:20  Probe (Chrono Boost)  
  31  7:30  Probe x2 (Chrono Boost)  
  30  7:40  Probe (Chrono Boost)  
  30  7:42  Probe (Chrono Boost)  
  33  7:51  Probe (Chrono Boost)  
  33  7:54  Probe (Chrono Boost)  
  34  8:00  Dark Templar x3  
  40  8:09  Probe (Chrono Boost)  
  40  8:10  Probe (Chrono Boost)  
  42  8:19  Probe (Chrono Boost)  
  43  8:20  Probe (Chrono Boost)  
  43  8:26  Archon, Dark Templar  
  46  8:30  Probe (Chrono Boost)  
  46  8:31  Probe (Chrono Boost), Archon  
  48  8:40  Probe (Chrono Boost)  
  53  8:41  Probe (Chrono Boost)  
Tags
 
Add a new tag
Caveats
  • Supply blocks, unpowered buildings, or Contaminate may cause inaccurate times.
  • Supply counts are checked every 10 seconds.